[Event "Live Chess"]
[Site "Chess.com"]
[Date "2024.06.02"]
[Round "-"]
[White "KeithArkell"]
[Black "alicechristina"]
[Result "1-0"]
[WhiteElo "2417"]
[BlackElo "1947"]
[TimeControl "300"]
[EndTime "5:45:55 PDT"]
[Termination "KeithArkell won by resignation"]

1. d4 d5 2. Nf3 e6 3. c4 c6 4.
cxd5 exd5 5. Nc3 Nf6 6. Bg5 Be7 7.
Qc2 h6 8. Bxf6 Bxf6 9. e3 O-O 10. b4 Bg4 11. Be2 Nd7 12. O-O Nb6 13. b5 Rc8 14.
bxc6 Rxc6 15. Qb3 Nc4 16. Rfc1 Qc7 17. Nxd5 1-0

[Event "Live Chess"]
[Site "Chess.com"]
[Date "2024.06.02"]
[Round "-"]
[White "LL220284LL"]
[Black "Grace6363"]
[Result "1-0"]
[WhiteElo "2497"]
[BlackElo "1134"]
[TimeControl "300"]
[EndTime "5:45:58 PDT"]
[Termination "LL220284LL won by resignation"]

1. b4 c6 2. Bb2 Nf6 3. g3 e6 4.
Bg2 d5 5. Nf3 Be7 6. O-O Nbd7 7.
d3 Rb8 8. c4 O-O 9. a3 dxc4 10.
dxc4 b6 11. Ne5 Nxe5 12. Bxe5 Qxd1 13. Rxd1 Ba6 14. Bxb8 Rxb8 15. Nd2 c5 16. b5 Bb7 17. Bxb7 Rxb7 18. Nf3 Ne4 19. Rd3 Bf6 20. Rad1 h6 21. Rd7 Rxd7 22. Rxd7 Nc3 23. e3 e5 24. Rxa7 e4 25. Nd2 Ne2+ 26. Kf1 Nc1 27. Nxe4 Bb2 28. a4 Nb3 29. Nd6 Na5 30. f4 g5 31. Rxa5 bxa5 32.
b6 1-0

[Event "Live Chess"]
[Site "Chess.com"]
[Date "2024.06.02"]
[Round "-"]
[White "NAZRIZ1977"]
[Black "nitrofish07"]
[Result "1-0"]
[WhiteElo "2098"]
[BlackElo "2063"]
[TimeControl "300"]
[EndTime "5:46:04 PDT"]
[Termination "NAZRIZ1977 won by resignation"]

1. c4 c6 2. g3 d5 3. Bg2 Nf6 4. Nf3 Bg4 5. cxd5 cxd5 6. Qb3 Qd7 7. Ne5 Qc7 8. Nc3 e6 9. Nxg4 Nxg4 10. Qa4+ Nc6 11.
Qxg4 1-0

[Event "Live Chess"]
[Site "Chess.com"]
[Date "2024.06.02"]
[Round "-"]
[White "slava_ukr"]
[Black "upoe610"]
[Result "0-1"]
[WhiteElo "2348"]
[BlackElo "2130"]
[TimeControl "300"]
[EndTime "5:46:19 PDT"]
[Termination "upoe610 won by resignation"]

1. e4 e5 2. Nf3 Nc6 3. Bb5 a6 4.
Bxc6 dxc6 5. O-O Bg4 6. h3 Bh5 7. g4 Bg6 8. Nxe5 Ne7 9. d3 h5 10. Kg2 f6 11. Nf3 Qd6 12. Qd2 O-O-O 13. Qf4 Qe6 14. Nbd2 Bf7 15. Nc4 g5 16. Qg3 Ng6 17.
Be3 b5 18. Nd4 Rxd4 19. Bxd4 bxc4 20. f3 Bd6 21. Qf2 hxg4 22. hxg4 Rh2+ 23. Kg1 Rxf2 24.
Rxf2 Nf4 25. Rh2 cxd3 26. cxd3 Nxd3 27. Rh8+ Kb7 28. Rd1 Nf4 29. Re1 Qc4 30. Bf2 Bc5 0-1

[Event "Live Chess"]
[Site "Chess.com"]
[Date "2024.06.02"]
[Round "-"]
[White "Rusty_Bridges"]
[Black "StoreySniper"]
[Result "0-1"]
[WhiteElo "1466"]
[BlackElo "2497"]
[TimeControl "300"]
[EndTime "5:46:22 PDT"]
[Termination "StoreySniper won on time"]

1. e4 g6 2. d4 Bg7 3. Nf3 c5 4.
d5 d6 5. Nc3 Bg4 6. Be2 Nf6 7. h3 Bxf3 8. Bxf3 Qa5 9. Bd2 b5 10.
a3 a6 11. O-O O-O 12. Ne2 Qc7 13. Bc3 Nbd7 14. Rc1 a5 15. Be1 Ne5 16. Ng3 b4 17.
axb4 axb4 18. c3 bxc3 19. Bxc3 Nfd7 20. Be2 Nb6 21. Re1 Rfb8 22. Kh1 Nec4 23. Bxg7 Kxg7 24.
Bxc4 Nxc4 25. Rxc4 Rxb2 26. Rc2 Raa2 27. Rxb2 Rxb2 28. Re2 Rb4 29. Rc2 Qb6 30. Kh2 Rb1 31.
Qd2 h5 32. Ne2 f6 33. g4 hxg4 34. hxg4 Qb8 35. Nf4 Qb3 36. Kg2 Qa4 37. Ne6+ Kf7 38. Qe2 Qa1 39. Kf3 Rb3+ 40. Kg2 Rb1 41. Kg3 Rg1+ 42.
Kf3 Re1 43. Qd3 Qe5 44. Re2 Rh1 45. Ke3 Rh3+ 46. f3 Qg3 47. Kd2 Qe5 48. Qc3 Qxc3+ 49. Kxc3 Rxf3+ 50. Kd2 Rg3 51. Rh2 Kg8 52. Nf4 Rxg4 53.
Ne6 Rxe4 54. Rh3 Re5 55. Rd3 g5 56. Nc7 g4 57. Rg3 f5 0-1

[Event "Live Chess"]
[Site "Chess.com"]
[Date "2024.06.02"]
[Round "-"]
[White "TigerTank70"]
[Black "AlanBstard10"]
[Result "1-0"]
[WhiteElo "2213"]
[BlackElo "1228"]
[TimeControl "300"]
[EndTime "5:46:28 PDT"]
[Termination "TigerTank70 won by checkmate"]

1. e4 d5 2. exd5 Nf6 3. d4 Qxd5 4.
c3 Qe4+ 5. Be3 Nc6 6. Nf3 Bg4 7.
Nbd2 Bxf3 8. Nxf3 Ng4 9. Bd3 Nxe3 10. Bxe4 Nxd1 11. Rxd1 Rb8 12. Bxc6+ bxc6 13. Rd2 e6 14.
Ke2 g6 15. Ne5 Rb7 16. Nxc6 Bh6 17. Rc2 O-O 18. b3 f5 19. Re1 Rb6 20. Ne5 Rd8 21. g3 Bg7 22. f4 Bxe5 23. fxe5 Kf7 24. Rd1 Rd7 25. c4 Rb8 26. Ke3 Rbd8 27. Rcd2 Kg7 28. Kf4 h6 29. h4 Kf7 30. d5 exd5 31.
cxd5 Re7 32. Rc2 Kg7 33. Rc6 g5+ 34. hxg5 hxg5+ 35. Kxf5 Rf7+ 36. Kxg5 Rdf8 37. Rg6+ Kh7 38. Rh1# 1-0

[Event "Live Chess"]
[Site "Chess.com"]
[Date "2024.06.02"]
[Round "-"]
[White "booktrunk"]
[Black "Ksenia_2013"]
[Result "1-0"]
[WhiteElo "1499"]
[BlackElo "969"]
[TimeControl "300"]
[EndTime "5:46:34 PDT"]
[Termination "booktrunk won by checkmate"]

1. d3 d5 2. g3 Nf6 3. Bg2 g6 4. Nc3 d4 5. Ne4 Bg7 6. Bd2 O-O 7. Nc5 Nc6 8. Qc1 Bf5 9. h4 Ng4 10. f3 Ne3 11. Bxe3 dxe3 12. c3 Qd5 13. Qxe3 Be5 14.
g4 Bg3+ 15. Kd1 Bxg4 16. c4 Qf5 17. fxg4 Qxg4 18. Qf3 Qd4 19. Qxg3 Qxc5 20. Rb1 Nd4 21. Nf3 Nxf3 22. Qxf3 Qb4 23. b3 Rad8 24. Kc2 Qa3 25. Rb2 Rd6 26. Rhb1 Rb6 27. h5 gxh5 28. Qxh5 Rxb3 29.
Rxb3 Qxa2+ 30. R1b2 Qa6 31. Be4 Qg6 32. Bxg6 hxg6 33. Qa5 f6 34. Qxa7 g5 35. Qxb7 g4 36.
Rb1 g3 37. Rg1 Kh8 38. Rxg3 Rg8 39. Qh1# 1-0

[Event "Live Chess"]
[Site "Chess.com"]
[Date "2024.06.02"]
[Round "-"]
[White "PavelChernomordik"]
[Black "bobby_jamesFischer86"]
[Result "1-0"]
[WhiteElo "2498"]
[BlackElo "1629"]
[TimeControl "300"]
[EndTime "5:46:45 PDT"]
[Termination "PavelChernomordik won by checkmate"]

1. e4 c5 2. Nc3 d6 3. f4 Nf6 4. Nf3 Nc6 5. Bb5 e6 6. O-O a6 7. Bxc6+ bxc6 8. e5 Nd5 9. Ne4 Nxf4 10. d4 d5 11.
Nxc5 Bxc5 12. dxc5 Ng6 13. Bg5 Qa5 14. Qd4 O-O 15.
h4 h6 16. Bd2 Ne7 17. Qg4 Qxc5+ 18. Kh1 Nf5 19. Bb4 Ne3 20. Bxc5 Nxg4 21. Bxf8 Kxf8 22.
Rfe1 Nf2+ 23. Kg1 Ne4 24. c4 Bb7 25. b4 g6 26. Nd4 Rc8 27. Rac1 Rd8 28. cxd5 Rxd5 29.
Nxc6 Bxc6 30. Rxc6 Rxe5 31. Rxa6 f5 32. a4 Rd5 33. Rxe6 Rd4 34. Rxg6 Rxb4 35. a5 Ra4 36. a6 Nc5 37. Re5 Nxa6 38. Rxf5+ Ke7 39. Rxh6 Ra1+ 40.
Kh2 Nb4 41. Rb5 Nd3 42. Rb7+ Kd8 43. Rh8# 1-0

[Event "Live Chess"]
[Site "Chess.com"]
[Date "2024.06.02"]
[Round "-"]
[White "elephantgerrald"]
[Black "megabusyman"]
[Result "0-1"]
[WhiteElo "871"]
[BlackElo "1867"]
[TimeControl "300"]
[EndTime "5:47:00 PDT"]
[Termination "megabusyman won by checkmate"]

1. e4 e5 2. Nf3 Nc6 3. Bc4 Bc5 4. O-O d6 5. Nc3 Nf6 6. d3 Bg4 7. h3 Bh5 8. Bg5 h6 9. Bh4 g5 10. g4 Nxg4 11. Nxg5 Nf6 12. Nxf7 Rg8+ 13. Ng5 Bxd1 14. Bf7+ Kf8 15. Bxg8 hxg5 16. Bxg5 Kxg8 17. Rfxd1 Qf8 18. Kh2 Nh5 19. Rg1 Qf3 20. Bh4+ Kh7 21. Rg5 Nf4 22. Rag1 Qxh3# 0-1

[Event "Live Chess"]
[Site "Chess.com"]
[Date "2024.06.02"]
[Round "-"]
[White "degringolade64"]
[Black "ameetghasi100"]
[Result "0-1"]
[WhiteElo "2133"]
[BlackElo "2760"]
[TimeControl "300"]
[EndTime "5:47:16 PDT"]
[Termination "ameetghasi100 won by resignation"]

1. e4 g6 2. d4 d6 3. Nc3 Nd7 4. Nf3 Bg7 5. g3 Ngf6 6. Bg2 O-O 7. O-O c5 8. h3 cxd4 9. Nxd4 a6 10. a4 Rb8 11. Be3 Nc5 12. a5 Bd7 13. Re1 Rc8 14. Qd2 Rc7 15. Bh6 Bh8 16. Bxf8 Qxf8 17. Nd5 Nxd5 18. exd5 Bf6 19. b4 Na4 20. Rxa4 Bxa4 21. c3 Qc8 22. Re3 Bd7 23. Kh2 Rc4 24. Ne2 h5 25.
Nf4 h4 26. gxh4 Rxf4 0-1

[Event "Live Chess"]
[Site "Chess.com"]
[Date "2024.06.02"]
[Round "-"]
[White "Ninifu"]
[Black "Dhaydon19"]
[Result "0-1"]
[WhiteElo "2014"]
[BlackElo "2642"]
[TimeControl "300"]
[EndTime "5:47:17 PDT"]
[Termination "Dhaydon19 won by resignation"]

1. d4 c6 2. c4 d5 3. cxd5 cxd5 4.
Nc3 Nf6 5. Bf4 Nc6 6. e3 e6 7. Rc1 a6 8. Bd3 Bd6 9. Bxd6 Qxd6 10. Nf3 e5 11. dxe5 Nxe5 12. Nxe5 Qxe5 13. O-O O-O 14. Ne2 Bg4 15. Qd2 Bxe2 16. Bxe2 Rac8 17. Rfd1 g6 18. Bf3 Rxc1 19. Rxc1 Rd8 20. g3 Kg7 21. Rd1 Rd7 22. Qd4 Qxd4 23. Rxd4 Kf8 24. h4 Ke7 25. Kf1 Kd6 26. Ke2 Ke5 27. Kd2 h5 28. b4 Rc7 29. a3 b5 30. Rd3 Rc4 31. Rc3 Ne4+ 32. Bxe4 Kxe4 33. Rd3 f6 34. f3+ Kxf3 35. Rxd5 Kxg3 36.
Rd6 Kxh4 37. Rxf6 Kg5 38. Rxa6 h4 39. Rb6 h3 40. Rxb5+ Kh6 41. Rb8 Rh4 42. Rc8 h2 43.
Rc1 h1=Q 44. Rxh1 Rxh1 45. Kc3 g5 46. b5 g4 47. a4 g3 48. b6 g2 49. a5 g1=Q 0-1

[Event "Live Chess"]
[Site "Chess.com"]
[Date "2024.06.02"]
[Round "-"]
[White "GMMickeyAdams"]
[Black "Bradfield133"]
[Result "1-0"]
[WhiteElo "2800"]
[BlackElo "1846"]
[TimeControl "300"]
[EndTime "5:47:56 PDT"]
[Termination "GMMickeyAdams won by resignation"]

1. c4 c5 2. Nf3 g6 3. Nc3 Bg7 4. e3 Nf6 5. d4 cxd4 6. exd4 d5 7.
c5 O-O 8. h3 Nc6 9. Bb5 Qc7 10. O-O a6 11. Bxc6 Qxc6 12. Ne5 Qc7 13. Bf4 Qd8 14. Re1 Be6 15. Qb3 Nd7 16. Qxb7 Rb8 17.
Qxa6 Rxb2 18. Nc6 Qe8 19. Nxd5 Bxd5 20. Nxe7+ Qxe7 21. Rxe7 Nf6 22. Be5 Ne4 23. Bxg7 Kxg7 24. Rxe4 Bxe4 25. Qd6 Kg8 26. c6 Bf5 27. d5 Rc2 28. a4 Re8 29. a5 Ree2 30. Qf4 Re4 31. Qf3 Rec4 32. a6 Be4 33. Qf6 Bxd5 34. Qd8+ Kg7 35.
Qxd5 Rxc6 36. a7 1-0

[Event "Live Chess"]
[Site "Chess.com"]
[Date "2024.06.02"]
[Round "-"]
[White "TheSmoulderingMaster"]
[Black "GEMdzq"]
[Result "0-1"]
[WhiteElo "1771"]
[BlackElo "2297"]
[TimeControl "300"]
[EndTime "5:48:06 PDT"]
[Termination "GEMdzq won by resignation"]

1. e4 Nf6 2. e5 Nd5 3. d4 d6 4. c4 Nb6 5. f4 g6 6. Nf3 Bg7 7. Bd3 O-O 8. O-O dxe5 9. fxe5 Bg4 10. Be2 Nc6 11. Be3 Bxf3 12. Bxf3 Nxc4 13. Bf2 Nb6 14. Nc3 Nb4 15. a3 N4d5 16. Ne4 Nc4 17. Qb3 b5 18. Qxb5 Nce3 19. Rfe1 Nc2 20. Nc5 Nxe1 21.
Rxe1 Rb8 22. Qc4 Nf4 23. d5 Rxb2 24. Qxf4 f6 25. e6 Qd6 26. Qxd6 cxd6 27. Nd7 Rc8 28. h3 a5 29. Bd4 Rb3 30. Bb6 a4 31. Bd1 Rxa3 32.
Bd4 f5 33. Bxg7 Kxg7 34. Nb6 Rc1 35. Kf1 Raa1 0-1

[Event "Live Chess"]
[Site "Chess.com"]
[Date "2024.06.02"]
[Round "-"]
[White "halfberg"]
[Black "dmitro74"]
[Result "0-1"]
[WhiteElo "1868"]
[BlackElo "1739"]
[TimeControl "300"]
[EndTime "5:48:13 PDT"]
[Termination "dmitro74 won by resignation"]

1. e4 e6 2. d4 d5 3. Nc3 dxe4 4. Nxe4 Nd7 5. Nf3 Ngf6 6. Bd3 c5 7. c3 cxd4 8. cxd4 Bb4+ 9. Bd2 Bxd2+ 10. Qxd2 O-O 11. O-O b6 12. Rac1 Bb7 13. Rfe1 Nxe4 14. Bxe4 Bxe4 15.
Rxe4 Nf6 16. Ree1 Rc8 17. h3 Qd5 18. b3 Ne4 19. Qe3 Nd6 20. Ne5 Nf5 21. Rxc8 Nxe3 22. Rxf8+ Kxf8 23. fxe3 f6 24. Nf3 e5 25. e4 Qa5 26.
Re2 exd4 27. Nxd4 Qc5 28. Kf2 Qxd4+ 29. Kf3 Kf7 30. a4 h5 31. g3 Qd1 0-1

[Event "Live Chess"]
[Site "Chess.com"]
[Date "2024.06.02"]
[Round "-"]
[White "juniortay"]
[Black "dhairyapandyauk"]
[Result "1-0"]
[WhiteElo "2343"]
[BlackElo "1639"]
[TimeControl "300"]
[EndTime "5:48:23 PDT"]
[Termination "juniortay won by checkmate"]

1. e4 e5 2. Nc3 Bc5 3. Bc4 Nc6 4. Qg4 g6 5. Qf3 f5 6. exf5 Nd4 7. Qd5 Qe7 8. Ne4 d6 9. Nxc5 dxc5 10. Bb3 c6 11. Qe4 Bxf5 12. Qe3 Bxc2 13. Ne2 Bxb3 14. Nxd4 exd4 15. Qxe7+ Nxe7 16. axb3 Kf7 17. d3 Rhe8 18. O-O Nd5 19. Bd2 Re2 20. Rad1 Rae8 21. g3 a6 22. Kg2 Ne3+ 23. Bxe3 dxe3 24. Kf3 Rxb2 25. fxe3 Rxh2 26. g4 Kg7 27. e4 Rb2 28. Rb1 Rxb1 29.
Rxb1 Rd8 30. Ke3 Kf6 31. Rf1+ Ke6 32. g5 b5 33. Rf6+ Kd7 34. Rf7+ Kd6 35. Rxh7 Ra8 36. Rg7 a5 37. Rxg6+ Ke5 38. Rxc6 a4 39. bxa4 bxa4 40. Rxc5+ Kd6 41. Rc2 a3 42. Ra2 Kc5 43. e5 Kb4 44. Ke4 Kb3 45. Ra1 Kb2 46. Rg1 a2 47. e6 a1=Q 48. Rxa1 Rxa1 49. d4 Re1+ 50. Kd5 Kc3 51.
g6 Rd1 52. e7 Rxd4+ 53. Ke5 Rd1 54. g7 Re1+ 55. Kd6 Rd1+ 56. Kc6 Re1 57. g8=Q Rxe7 58.
Qg3+ Kc4 59. Qf3 Re6+ 60. Kd7 Rb6 61. Qe4+ Kc5 62. Qe3+ Kb5 63. Kc7 Rc6+ 64. Kb7 Rc5 65. Qb3+ Ka5 66. Qb6+ Ka4 67. Qxc5 Kb3 68. Qd4 Ka3 69. Qc4 Kb2 70. Qd3 Ka2 71. Qc3 Kb1 72. Qd2 Ka1 73. Kb6 Kb1 74. Kb5 Ka1 75. Kb4 Kb1 76. Kb3 Ka1 77. Qb2# 1-0

[Event "Live Chess"]
[Site "Chess.com"]
[Date "2024.06.02"]
[Round "-"]
[White "friarnator"]
[Black "Ksenia_2013"]
[Result "1-0"]
[WhiteElo "2214"]
[BlackElo "969"]
[TimeControl "300"]
[EndTime "5:48:25 PDT"]
[Termination "friarnator won by checkmate"]

1. d4 d5 2. Nc3 Nf6 3. Bf4 g6 4. Qd2 Bf5 5. O-O-O Bg7 6. f3 O-O 7. Bh6 Bxh6 8. Qxh6 Qd7 9. g4 Bxc2 10. Kxc2 Nc6 11. h4 Nb4+ 12. Kb1 Qc6 13. h5 gxh5 14. g5 Ne8 15.
Rxh5 Qc4 16. Qxh7# 1-0

[Event "Live Chess"]
[Site "Chess.com"]
[Date "2024.06.02"]
[Round "-"]
[White "ACM42"]
[Black "yarek"]
[Result "1-0"]
[WhiteElo "2226"]
[BlackElo "1759"]
[TimeControl "300"]
[EndTime "5:48:32 PDT"]
[Termination "ACM42 won on time"]

1. e4 g6 2. d4 Bg7 3. Nc3 c6 4. Nf3 d5 5. e5 Bg4 6. h3 Bxf3 7. Qxf3 e6 8. b4 Qb6 9. Qd3 Qxb4 10.
Rb1 Qe7 11. Na4 b6 12. f4 Nh6 13. g4 O-O 14. Ba3 Qh4+ 15. Ke2 Nxg4 16. Qf3 Nh6 17. Rg1 Nf5 18. c3 Rc8 19. Rg4 Qh6 20. Kf2 Nd7 21. c4 Nxd4 22. Qd1 c5 23. Bg2 Bf8 24. cxd5 exd5 25. Nc3 Rab8 26. Nxd5 b5 27. Bc1 Qg7 28. Kg1 h5 29. Rg3 Nf5 30. Rg5 c4 31. Bb2 Nc5 32. e6 Qh6 33. exf7+ Kxf7 34. Qe1 Rc6 35. Qe5 Re8 36. Rxf5+ Kg8 37. Qxe8 gxf5 38. Ne7+ Kh7 39. Qf7+ Bg7 40. Nxc6 Nd3 41. Bxg7 Qxg7 42. Qxg7+ Kxg7 43. Rxb5 c3 44. Rb7+ Kf6 45. Rxa7 c2 46. Nd4 c1=Q+ 47. Kh2 1-0

[Event "Live Chess"]
[Site "Chess.com"]
[Date "2024.06.02"]
[Round "-"]
[White "CarmelJane"]
[Black "stevochess11"]
[Result "1-0"]
[WhiteElo "1991"]
[BlackElo "1680"]
[TimeControl "300"]
[EndTime "5:48:32 PDT"]
[Termination "CarmelJane won by resignation"]

1. e4 c5 2. Nf3 g6 3. c3 Nc6 4. d4 cxd4 5. cxd4 d6 6. Nc3 Bg7 7.
Bb5 a6 8. Bxc6+ bxc6 9. h3 Nf6 10. O-O O-O 11. Bg5 h6 12. Bf4 Rb8 13. Qd2 Kh7 14. Rac1 Ng8 15. Ne2 Qb6 16. b3 f5 17. e5 d5 18. Nc3 e6 19. Na4 Qb4 20. Qxb4 Rxb4 21.
Rxc6 g5 22. Bd2 Bd7 23. Bxb4 Bxc6 24. Bxf8 Bxf8 25. Rc1 Bb5 26. Rc7+ Kg6 27. Nc5 Bxc5 28. dxc5 f4 29. Nd4 h5 30. Nxe6 Kf5 31. Ng7+ Kxe5 32. a4 Bd3 33. Nxh5 Nh6 34. Re7+ Kd4 35. c6 Nf5 36.
Rd7 Kc5 37. c7 Nd6 38. Rxd6 Kxd6 39. c8=Q 1-0

[Event "Live Chess"]
[Site "Chess.com"]
[Date "2024.06.02"]
[Round "-"]
[White "bobby_jamesFischer86"]
[Black "booktrunk"]
[Result "1-0"]
[WhiteElo "1634"]
[BlackElo "1494"]
[TimeControl "300"]
[EndTime "5:49:11 PDT"]
[Termination "bobby_jamesFischer86 won by resignation"]

1. d4 b6 2. e4 Bb7 3. Bd3 e6 4.
c4 h6 5. Nc3 Be7 6. d5 exd5 7.
cxd5 Bb4 8. Bd2 Nf6 9. a3 Be7 10.
Nf3 O-O 11. O-O c6 12. dxc6 Bxc6 13. Re1 Nh7 14. b4 Qc8 15. Rc1 Bd8 16. Nd5 Bxd5 17.
Rxc8 1-0

[Event "Live Chess"]
[Site "Chess.com"]
[Date "2024.06.02"]
[Round "-"]
[White "SavagePawn7"]
[Black "Tatarinov_Maxim"]
[Result "0-1"]
[WhiteElo "678"]
[BlackElo "2289"]
[TimeControl "300"]
[EndTime "5:49:12 PDT"]
[Termination "Tatarinov_Maxim won on time"]

1. e4 d5 2. exd5 Nf6 3. Bc4 Nxd5 4. Qf3 c6 5. Nc3 e6 6. Nxd5 cxd5 7. Bb5+ Bd7 8. Bxd7+ Qxd7 9. Ne2 Be7 10. d4 O-O 11.
Bd2 Nc6 12. O-O-O Rfc8 13. h4 Bf6 14. c3 Nxd4 15. Nxd4 Bxd4 16. h5 Be5 17. h6 g6 18.
Rde1 Bh8 19. Bf4 b5 20. g4 b4 21. Be5 f5 22. Bxh8 Kxh8 23. gxf5 bxc3 24. bxc3 exf5 25.
Rd1 Rc5 26. Rd3 Rac8 27. Rhd1 Qe6 28. Rxd5 Rxc3+ 29. Qxc3+ Rxc3+ 30. Kb2 Rc8 31. Rd8+ Rxd8 32. Rxd8+ Qg8 33. Rxg8+ Kxg8 34. Kc3 Kf7 35. a4 g5 36. Kc4 Ke6 37. Kc5 g4 38. Kc6 f4 39.
a5 g3 40. fxg3 fxg3 41. a6 g2 42. Kb7 g1=Q 0-1

[Event "Live Chess"]
[Site "Chess.com"]
[Date "2024.06.02"]
[Round "-"]
[White "davigator"]
[Black "vincents82"]
[Result "1-0"]
[WhiteElo "2347"]
[BlackElo "1991"]
[TimeControl "300"]
[EndTime "5:49:22 PDT"]
[Termination "davigator won by resignation"]

1. e4 d5 2. exd5 Qxd5 3. Nc3 Qd8 4. d4 Nf6 5. Nf3 Bg4 6. Bc4 e6 7. h3 Bxf3 8. Qxf3 c6 9. Be3 Nbd7 10. O-O-O Bb4 11.
Ne4 Nxe4 12. Qxe4 Nf6 13. Qf3 O-O 14. c3 Be7 15. Rhe1 Nd5 16. Bd2 b5 17. Bd3 Bg5 18. Qe4 Bxd2+ 19. Rxd2 g6 20. f4 Qb6 21. g4 c5 22.
dxc5 Qxc5 23. Bc2 Rac8 24. f5 b4 25. fxe6 bxc3 26. Rxd5 cxb2+ 27. Kb1 Qc3 28. exf7+ Rxf7 29. Red1 Re7 30. Qd3 Rec7 31. Qxc3 Rxc3 32. R1d2 1-0

[Event "Live Chess"]
[Site "Chess.com"]
[Date "2024.06.02"]
[Round "-"]
[White "PavelChernomordik"]
[Black "AlanBstard10"]
[Result "1-0"]
[WhiteElo "2498"]
[BlackElo "1228"]
[TimeControl "300"]
[EndTime "5:49:36 PDT"]
[Termination "PavelChernomordik won by checkmate"]

1. e4 c5 2. Nc3 a6 3. f4 d6 4. g3 Nf6 5. Bg2 Nbd7 6. Nf3 Rb8 7. e5 dxe5 8. fxe5 Ng8 9. d4 cxd4 10. Qxd4 e6 11.
Bf4 Bc5 12. Qd3 Ne7 13. Ne4 Ba7 14. Nd6+ Kf8 15. Ng5 Qb6 16. O-O-O Rg8 17. Nxh7# 1-0

[Event "Live Chess"]
[Site "Chess.com"]
[Date "2024.06.02"]
[Round "-"]
[White "Ferrarifan27"]
[Black "FlyingChessKestrel13"]
[Result "0-1"]
[WhiteElo "2150"]
[BlackElo "2091"]
[TimeControl "300"]
[EndTime "5:49:45 PDT"]
[Termination "FlyingChessKestrel13 won by resignation"]

1. e4 e5 2. Nf3 Nf6 3. Nxe5 d6 4.
Nf3 Nxe4 5. d4 d5 6. Bd3 Be7 7.
O-O O-O 8. Re1 Nf6 9. Nc3 Bg4 10. h3 Bh5 11. Bg5 Nbd7 12. Be2 c6 13. Qd2 Bg6 14. Rad1 Ne4 15. Nxe4 dxe4 16. Bxe7 Qxe7 17. Bc4 Qf6 18.
Ng5 Rae8 19. f4 h6 20. d5 Nb6 21. Bb3 hxg5 22. fxg5 Qd6 23. dxc6 Qxd2 24. Rxd2 bxc6 25.
Rd6 Bf5 26. Rxc6 e3 27. Rc3 Rc8 28. Rexe3 a5 29. Rxc8 Rxc8 30. c3 a4 31. Bd1 Nc4 32. Re2 a3 33. bxa3 Nxa3 34. Bb3 Bg6 35. Re3 Nc4 36. Re7 Nd2 37. c4 Nxb3 38. axb3 Rb8 39. Re3 Bc2 40. Rc3 Bxb3 41. c5 Be6 42. Kf2 Kf8 43.
Ke3 Ke7 44. Kd4 g6 45. Ke5 Kd7 46. c6+ Kc7 47. g4 Rb6 48. Kf4 Rxc6 49. Ra3 Rc4+ 50.
Kg3 Kd6 51. Re3 Kd5 52. Rd3+ Ke4 53. Ra3 Kd4 54. Ra7 Ke4 55. Rb7 Rc3+ 56. Kh4 Kf3 57.
Rb3 Re3 58. Rb2 Ke4 59. Rf2 Re1 60. Rb2 Rh1 61. Rb4+ Ke3 62. Rb6 Kf2 63. Rxe6 Rxh3+ 64. Kxh3 fxe6 65. Kh4 e5 0-1

[Event "Live Chess"]
[Site "Chess.com"]
[Date "2024.06.02"]
[Round "-"]
[White "Queensandpawns"]
[Black "NeilDruggan73"]
[Result "1-0"]
[WhiteElo "2279"]
[BlackElo "1710"]
[TimeControl "300"]
[EndTime "5:49:50 PDT"]
[Termination "Queensandpawns won by checkmate"]

1. e4 d6 2. Nc3 Nf6 3. d4 g6 4. Be3 Bg7 5. Qd2 h6 6. O-O-O c6 7. h4 h5 8. f3 b5 9. Qf2 Qa5 10. e5 Nd5 11. Nxd5 cxd5 12. Kb1 O-O 13. exd6 exd6 14.
Bd3 Nc6 15. Ne2 Nb4 16. Nc1 Nxd3 17. Nxd3 Bf5 18. g4 Bxd3 19. Rxd3 Rac8 20. gxh5 b4 21.
hxg6 Rc7 22. h5 fxg6 23. hxg6 Qa4 24. Qh2 Bf6 25. Bg5 Rxc2 26. Qh7# 1-0

[Event "Live Chess"]
[Site "Chess.com"]
[Date "2024.06.02"]
[Round "-"]
[White "McFim"]
[Black "gmnorfolk"]
[Result "1-0"]
[WhiteElo "1734"]
[BlackElo "2132"]
[TimeControl "300"]
[EndTime "5:50:02 PDT"]
[Termination "McFim won by resignation"]

1. e4 c5 2. Nf3 d6 3. Bb5+ Bd7 4. a4 Nf6 5. d3 a6 6. Bxd7+ Nbxd7 7. Nc3 g6 8. O-O Bg7 9. h3 O-O 10. Bd2 Rb8 11.
a5 b5 12. axb6 Qxb6 13. b3 Rfe8 14. Ra2 Qc6 15. Qe1 e5 16. Qe2 Ra8 17. Rfa1 d5 18. exd5 Nxd5 19. Nxd5 Qxd5 20. Rxa6 Rxa6 21. Rxa6 h6 22.
Bc3 e4 23. Bxg7 Kxg7 24. Nd2 exd3 25. Qxe8 dxc2 26. Qe1 Ne5 27. Ra1 Nd3 28. Qe3 Qd4 29. Qxd4+ cxd4 30. b4 c1=Q+ 31. Rxc1 Nxc1 32. b5 Ne2+ 33. Kf1 Nc3 34. b6 1-0

[Event "Live Chess"]
[Site "Chess.com"]
[Date "2024.06.02"]
[Round "-"]
[White "Andriy_Yaremovych"]
[Black "ukraineZelensky"]
[Result "1-0"]
[WhiteElo "1664"]
[BlackElo "1366"]
[TimeControl "300"]
[EndTime "5:50:04 PDT"]
[Termination "Andriy_Yaremovych won by resignation"]

1. e4 e5 2. Nc3 Nf6 3. f4 d6 4.
Nf3 exf4 5. d4 Be7 6. Bxf4 O-O 7. Qd2 a6 8. O-O-O b5 9. Kb1 Nbd7 10. Bd3 c5 11. e5 dxe5 12. dxe5 Ng4 13. Qe2 c4 14. Bf5 Ngxe5 15. Nxe5 Bf6 16. Nxd7 Bxd7 17. Rxd7 Qb6 18. Bd2 Ra7 19. Rxa7 Qxa7 20. Rf1 Qb6 21. Nd5 Qd6 22. Nxf6+ Qxf6 23. Bxh7+ 1-0

[Event "Live Chess"]
[Site "Chess.com"]
[Date "2024.06.02"]
[Round "-"]
[White "GwaryTek"]
[Black "Pablo_dmp"]
[Result "1-0"]
[WhiteElo "1872"]
[BlackElo "1995"]
[TimeControl "300"]
[EndTime "5:50:07 PDT"]
[Termination "GwaryTek won by checkmate"]

1. d3 c5 2. Nf3 Nf6 3. g3 d5 4.
Bg2 Nc6 5. O-O e5 6. Nbd2 Bd6 7. h3 O-O 8. e3 Re8 9. c4 Be6 10.
cxd5 Nxd5 11. a3 Qd7 12. Re1 Bxh3 13. Qb3 Bxg2 14. Kxg2 Nf6 15. Rh1 a6 16. Nc4 Bc7 17. a4 Nb4 18. Rd1 Rad8 19. d4 exd4 20. exd4 Qg4 21. Bg5 b6 22. Bxf6 gxf6 23. dxc5 bxc5 24. Ne3 Rxe3 25. Qxe3 Rxd1 26. Rxd1 Be5 27. Rd8+ Kg7 28. Nxe5 fxe5 29. Qxe5+ f6 30. Qe7+ Kh6 31. Qxf6+ Qg6 32.
Qf4+ Kg7 33. Qf8# 1-0

[Event "Live Chess"]
[Site "Chess.com"]
[Date "2024.06.02"]
[Round "-"]
[White "MagnersCarlsberg2870"]
[Black "missedJariChance"]
[Result "0-1"]
[WhiteElo "1737"]
[BlackElo "1389"]
[TimeControl "300"]
[EndTime "5:50:09 PDT"]
[Termination "missedJariChance won by resignation"]

1. Nf3 e6 2. e4 c5 3. d4 cxd4 4. Nxd4 Nc6 5. Be3 Nf6 6. Nc3 a6 7.
a4 Be7 8. Bd3 Qc7 9. Kf1 O-O 10.
h4 Rd8 11. h5 h6 12. Qd2 Nxd4 13. Bxd4 d5 14. e5 Ne4 15. Bxe4 dxe4 16. Nxe4 Bd7 17. c3 Bc6 18. Re1 Bxe4 19. Rxe4 Bg5 20. f4 Qc4+ 21. Kg1 Be7 22. g4 Bc5 23. g5 Bxd4+ 24.
Rxd4 Rxd4 25. cxd4 Rd8 26. gxh6 Rxd4 27. h7+ Kxh7 28.
Qg2 Rd1+ 29. Kh2 Qxf4+ 30. Kh3 Rd3+ 0-1

[Event "Live Chess"]
[Site "Chess.com"]
[Date "2024.06.02"]
[Round "-"]
[White "Mary_cool"]
[Black "Victor_Bondar"]
[Result "0-1"]
[WhiteElo "1951"]
[BlackElo "1472"]
[TimeControl "300"]
[EndTime "5:50:31 PDT"]
[Termination "Victor_Bondar won on time"]

1. d4 Nf6 2. c4 e5 3. dxe5 Ng4 4. Nf3 Nc6 5. e3 Ngxe5 6. Be2 Bb4+ 7. Nbd2 Qe7 8. O-O Bc5 9. a3 a5 10. b3 d6 11. Bb2 O-O 12. Ne4 Nxc4 13. Nf6+ gxf6 14. Bxc4 Ne5 15. Nd4 Nxc4 16. bxc4 Qe4 17. Nb5 Bb6 18. Bxf6 Qg6 19. Bb2 Bg4 20. Qd2 Bh3 21. g3 Bxf1 22. Rxf1 Rfe8 23. Qc3 f6 24. Rd1 Kf7 25. Nxd6+ cxd6 26. Rxd6 Bd8 27. c5 Be7 28. Qc4+ Kf8 29. Re6 Qb1+ 30. Bc1 Rad8 31. Kg2 Qf5 32. e4 Qg6 33. f4 Rd1 0-1